 Dungeon Crawl Stone Soup version 0.30-a0-782-ge64f9170bb (webtiles) character file.

Game seed: 14145389127920462567

32 Dirian the Covered (level 3, -5/33 HPs)
             Began as a Minotaur Fighter on Mar 18, 2023.
             Was a Follower of Trog.
             Slain by Sigmund
             ... wielding a +1 scythe of protection
              (10 damage)
             ... on level 2 of the Dungeon.
             The game lasted 00:01:29 (771 turns).

Dirian the Covered (Minotaur Fighter)                Turns: 771, Time: 00:01:30

Health: -5/33      AC:  7    Str: 20    XL:     3   Next: 8%
Magic:  2/2        EV:  9    Int:  5    God:    Trog [*.....]
Gold:   51         SH:  4    Dex: 11    Spells: 2/2 levels left

rFire   . . .      SeeInvis .    a - +0 long sword
rCold   . . .      Faith    .    c - +0 buckler
rNeg    . . .      Spirit   .    b - +0 scale mail
rPois   .          Reflect  .    (helmet restricted)
rElec   .          Harm     .    (no cloak)
rCorr   .          Rampage  .    (no gloves)
Will    .....                    (no boots) Stlth
                                 (no amulet)
HPRegen 0.25/turn                (no ring)
MPRegen 0.08/turn                (no ring)

@: mighty
A: horns 2, retaliatory headbutt
a: Renounce Religion, Berserk


You were on level 2 of the Dungeon.
You worshipped Trog.
Trog was aware of your devotion.
You visited 1 branch of the dungeon, and saw 2 of its levels.

You collected 51 gold pieces.

Inventory:

Hand Weapons
 a - a +0 long sword (weapon)
Armour
 b - a +0 scale mail (worn)
 c - a +0 buckler (worn)
Scrolls
 e - a scroll of enchant weapon {unknown}
 f - 2 scrolls of identify {unknown}
 g - a scroll of silence {unknown}
 h - a scroll of vulnerability {unknown}


   Skills:
 + Level 4.0 Fighting
 + Level 3.0 Long Blades
 + Level 4.2 Armour
 + Level 4.0 Shields


You had 2 spell levels left.
You didn't know any spells.
Your spell library contained the following spells:

 Spells                   Type           Power      Damage    Failure   Level
 Summon Small Mammal      Summ           0%         N/A       88%         1
 Call Canine Familiar     Summ           0%         N/A       99%         3
 Summon Guardian Golem    Hex/Summ       0%         N/A       99%         3


Dungeon Overview and Level Annotations

Branches:
Dungeon (2/15) Zot: 11208

Altars:
Trog

Annotations:
D:2 Sigmund


Innate Abilities, Weirdness & Mutations

You have a pair of horns on your head.
You reflexively headbutt those who attack you in melee.


Message History

The quokka is heavily wounded.
The quokka barely misses you. You block the quokka's attack.
You barely miss the quokka. Your headbutt misses the quokka.
The quokka is heavily wounded.
Sigmund's eyes start glowing with a red light.
The goblin hits you with a +0 club. You block the quokka's attack.
You feel very mighty all of a sudden. The quokka barely misses you.
Sigmund hits you but does no damage. The goblin barely misses you.
You closely miss the goblin.
The quokka bites you but does no damage.
The goblin barely misses you. You furiously retaliate!
You headbutt the goblin!
You kill the goblin!
Trog accepts your kill.
Sigmund mumbles some strange words.
Sigmund flickers and vanishes!
Deactivating autopickup; reactivate with Ctrl-A.
You block the quokka's attack.
You barely miss the quokka. Your headbutt misses the quokka.
The quokka is moderately wounded.
The quokka barely misses you. Something hits you! The quokka barely misses you.
You barely miss the quokka. You headbutt the quokka.
You kill the quokka!
Trog accepts your kill. Something hits you.
Your Long Blades skill increases to level 3!
Something hits you.
You miss something. Something hits you.
You miss something. You headbutt something! You barely miss something.
You headbutt something. Something hits you.
You closely miss something. Your headbutt misses something.
Something hits you but does no damage.
You slash something! Your headbutt misses something. Something hits you!
* * * LOW HITPOINT WARNING * * *
You miss something. Something hits you.
* * * LOW HITPOINT WARNING * * *
You hit something. Something hits you.
* * * LOW HITPOINT WARNING * * *
You hit something but do no damage. Something hits you!
You die...

.................#
.........#.......#
.......#...<....# ####
......@)....>...###...
................##..######
.........#..........<....#
.........g..†.......####....
.........###{#...##.########
.........###@)...##........
.........##.<........######
.........##..........#
.........##..........#
#.......##..........#
.###### ############


There were no monsters in sight!

Vanquished Creatures
  A dart slug (D:1)
  4 bats
  3 endoplasms (D:1)
  3 goblins
  3 hobgoblins (D:1)
  2 kobolds (D:1)
  2 quokkas
  4 ball pythons (D:1)
  6 rats (D:1)
28 creatures vanquished.

Notes
Turn   | Place    | Note
-------+----------+-------------------------------------------
     0 | D:1      | Dirian the Minotaur Fighter began the quest for the Orb.
     0 | D:1      | Reached XP level 1. HP: 19/19 MP: 0/0
   171 | D:1      | Reached XP level 2. HP: 27/27 MP: 1/1
   270 | D:1      | Found a faded altar of an unknown god.
   325 | D:1      | Prayed at the altar of an unknown god.
   325 | D:1      | Became a worshipper of Trog the Wrathful
   325 | D:1      | Reached * piety under Trog
   746 | D:2      | Noticed Sigmund
   749 | D:2      | Reached XP level 3. HP: 33/33 MP: 2/2
   771 | D:2      | Slain by Sigmund

Illustrated notes

Levels and vault maps discovered:
D:1:      dpeg_arrival_rhombus, layout_basic,
          ebering_ecumenical_altar_sacrificial, corexii_leaking_fountain
D:2:      layout_rooms, basic_altar, serial_shops, nicolae_shop_crystal,
          uniq_sigmund

Skill      XL: |  1  2  3 |
---------------+----------+-----
Armour         | 4 |  4.2
Fighting       | 4 |  4.0
Shields        | 4 |  4.0
Long Blades    | 3 |  3.0

Action                     || total
---------------------------++-------
  Melee: Long sword        ||    66
         Headbutt          ||     9
    Use: Potion            ||     1
 Armour: Scale mail        ||    37
  Dodge: Dodged            ||    19
  Block: Buckler           ||    19

Table legend: (Time is in decaauts)
 A = Elapsed time spent in this place.
 B = Non-inter-level travel time spent in this place.
 C = Inter-level travel time spent in this place.
 D = Time resting spent in this place.
 E = Time spent auto-exploring this place.
 F = Levels seen in this place.
 G = Mean time per level.
                   A        B        C        D        E       F      G
               +--------+--------+--------+--------+--------+-----+--------+
         Total |    790 |    755 |     35 |      0 |    593 |   2 |  395.0 |
       Dungeon |    790 |    755 |     35 |      0 |    593 |   2 |  395.0 |
               +--------+--------+--------+--------+--------+-----+--------+

Top non-repeatable levels by time:
     D:1: 740 daAuts
     D:2: 49 daAuts
